 Dungeon Crawl Stone Soup version 0.29-a0-1023-g6ae1a4a2c7 (webtiles) character file.

Game seed: 1234685601803599479

6728 Pooter the Summoner (level 11, -2/81 HPs)
             Began as a Gnoll Summoner on Aug 10, 2022.
             Was an Initiate of Gozag.
             Slain by a centaur warrior (9 damage)
             ... on level 10 of the Dungeon on Aug 11, 2022.
             The game lasted 01:46:59 (11586 turns).

Pooter the Summoner (Gnoll Summoner)               Turns: 11586, Time: 01:46:59

Health: -2/81      AC: 15    Str: 13    XL:     11   Next: 4%
Magic:  21/23      EV: 15    Int: 23    God:    Gozag
Gold:   483        SH:  0    Dex: 20    Spells: 2/26 levels left

rFire   + . .      SeeInvis .   a - +1 broad axe (vamp)
rCold   . . .      Faith    .   (no shield)
rNeg    . . .      Spirit   .   B - +0 ring mail of Masochism {rPois rC- Int+3 Dex+8}
rPois   +          Reflect  .   N - +0 hat of Sukly {rC+ rCorr}
rElec   .          Harm     .   g - +2 cloak {rPois}
rCorr   +          Rampage  .   x - +1 pair of gloves
Will    .....                   p - +2 pair of boots
Stlth   +++.......              (no amulet)
HPRegen 0.23/turn               h - +6 ring of strength
MPRegen 0.18/turn               F - ring of protection from fire

@: no status effects
A: fangs 1, strong nose, distributed training
a: Renounce Religion, Potion Petition, Call Merchant, Bribe Branch


You were on level 10 of the Dungeon.
You worshipped Gozag.
Gozag was aware of your devotion.
You visited 2 branches of the dungeon, and saw 11 of its levels.

You collected 976 gold pieces.
You spent 350 gold pieces at shops.
You paid 143 gold pieces to Gozag.

Inventory:

Hand Weapons
 a - a +1 vampiric broad axe (weapon)
   (You bought it in a shop on level 4 of the Dungeon)
 b - a +1 shortbow of freezing
   (You took it off a centaur on level 9 of the Dungeon)
 i - a +3 vorpal war axe
   (You took it off a wight on level 9 of the Dungeon)
 v - a +0 war axe
   (You took it off an orc priest on level 4 of the Dungeon)
 w - a +2 scythe of flaming
   (You took it off Sigmund on level 3 of the Dungeon)
 y - a +0 flail
   (You found it on level 3 of the Dungeon)
 D - a +0 morningstar
   (You took it off an orc on level 4 of the Dungeon)
 I - a +0 trident
   (You found it on level 5 of the Dungeon)
 K - a +4 quarterstaff of chaos
   (You took it off Crazy Yiuf on level 5 of the Dungeon)
Missiles
 m - 6 boomerangs (quivered)
 q - 6 javelins
 r - 2 throwing nets {!f}
 Q - 102 stones
 T - 3 poisoned darts
 X - a curare-tipped dart
Armour
 g - a +2 cloak of poison resistance (worn)
   (You took it off Crazy Yiuf on level 5 of the Dungeon)
 p - a +2 pair of boots (worn)
   (You found it on level 4 of the Dungeon)
 x - a +1 pair of gloves (worn)
   (You found it on level 3 of the Dungeon)
 B - the +0 ring mail of Masochism (worn) {rPois rC- Int+3 Dex+8}
   (You took it off a kobold on level 4 of the Dungeon)

   Int:       It affects your intelligence (+3).
   Dex:       It affects your dexterity (+8).
   rC:        It makes you vulnerable to cold.
   rPois:     It protects you from poison.
 N - the +0 hat of Sukly (worn) {rC+ rCorr}
   (You found it on level 6 of the Dungeon)

   rC:        It protects you from cold.
   rCorr:     It protects you from acid and corrosion.
 V - a +0 buckler
   (You found it on level 7 of the Dungeon)
Jewellery
 h - a +6 ring of strength (left hand)
   (You found it on level 1 of the Dungeon)
 F - a ring of protection from fire (right hand)
   (You found it on level 5 of the Dungeon)
 G - an amulet of guardian spirit
   (You found it on level 4 of the Dungeon)
Wands
 f - a wand of flame (9)
   (You found it on level 8 of the Dungeon)
 u - a wand of paralysis (12)
   (You found it on level 5 of the Dungeon)
 E - a wand of roots (17)
   (You found it on level 5 of the Dungeon)
Scrolls
 c - 3 scrolls of amnesia
 l - 2 scrolls of silence
 n - 2 scrolls of vulnerability {!r}
 t - a scroll of teleportation {@r4}
 A - 3 scrolls of immolation {!r}
 H - 2 scrolls of noise {!r}
 U - a scroll of summoning
 W - a scroll of poison
Potions
 d - 2 potions of heal wounds {unknown}
 e - a potion of cancellation {unknown}
 j - 2 potions of ambrosia {unknown}
 k - a potion of haste {unknown}
 o - a potion of might {unknown}
 s - a potion of invisibility {unknown}
 z - a potion of attraction {unknown}
 J - a potion of mutation {unknown}
 L - 2 potions of magic
 M - 2 potions of curing {@q1}
 O - 2 potions of berserk rage
 P - a potion of resistance {unknown}
 R - 2 potions of brilliance {unknown}
 S - a potion of lignification {unknown}


   Skills:
 + Level 6.1 Fighting
 + Level 6.1 Short Blades
 + Level 6.1 Long Blades
 + Level 6.1 Axes
 + Level 6.1 Maces & Flails
 + Level 6.1 Polearms
 + Level 6.1 Staves
 + Level 6.1 Ranged Weapons
 + Level 6.1 Throwing
 + Level 6.1 Armour
 + Level 7.7 Dodging
 + Level 7.4 Stealth
 + Level 6.1 Shields
 + Level 6.1 Unarmed Combat
 + Level 8.0 Spellcasting
 + Level 5.0 Conjurations
 + Level 5.0 Hexes
 + Level 8.8 Summonings
 + Level 5.0 Necromancy
 + Level 5.0 Translocations
 + Level 5.0 Transmutations
 + Level 5.0 Fire Magic
 + Level 5.0 Ice Magic
 + Level 5.0 Air Magic
 + Level 5.0 Earth Magic
 + Level 5.0 Poison Magic
 + Level 6.7 Invocations
 + Level 6.1 Evocations


You had 2 spell levels left.
You knew the following spells:

 Your Spells              Type           Power      Damage    Failure   Level
a - Summon Small Mammal   Summ           100%       N/A       1%          1
b - Call Imp              Summ           49%        N/A       1%          2
c - Call Canine Familiar  Summ           49%        N/A       1%          3
d - Summon Guardian Gole  Hex/Summ       41%        N/A       2%          3
e - Searing Ray           Conj           64%        2d6       2%          2
f - Frozen Ramparts       Ice            64%        1d10      4%          3
g - Poisonous Vapours     Pois/Air       64%        N/A       2%          2
h - Olgreb's Toxic Radia  Pois           32%        N/A       17%         4
z - Summon Lightning Spi  Summ/Air       41%        N/A       8%          4

Your spell library contained the following spells:

 Spells                   Type           Power      Damage    Failure   Level
 Magic Dart               Conj           100%       1d8       1%          1
 Sting                    Tmut/Pois      100%       1d8       1%          1
 Summon Ice Beast         Ice/Summ       41%        N/A       8%          4
 Anguish                  Hex/Necr       16%        N/A       17%         4
 Cause Fear               Hex            16%        N/A       17%         4
 Dispel Undead            Necr           32%        3d14      17%         4
 Fulminant Prism          Conj/Hex       16%        3d11      17%         4
 Ice Form                 Ice/Tmut       32%        N/A       17%         4
 Alistair's Intoxication  Tmut/Pois      21%        N/A       43%         5
 Borgnjor's Vile Clutch   Necr/Erth      16%        N/A       43%         5
 Death Channel            Necr           16%        N/A       95%         6
 Eringya's Noxious Bog    Tmut/Pois      16%        N/A       95%         6
 Dragon Form              Tmut           16%        N/A       100%        7
 Enfeeble                 Hex            16%        N/A       100%        7
 Dragon's Call            Summ           24%        N/A       100%        9
 Corpse Rot               Necr/Pois/Air  Unusable   N/A       N/A         4

Dungeon Overview and Level Annotations

Branches:
Dungeon (10/15)            Temple (1/1) D:4            Lair (0/5) D:8
    Orc: D:9-12

Altars:
Elyvilon
Gozag
Kikubaaqudgha
Makhleb
Ru
Sif Muna
Trog
Uskayaw
Wu Jian
Yredelemnul
Zin
The Shining One

Shops:
D:4 ?(((   D:5 [

Annotations:
D:3 2 transporters, Insertrandomname's ghost, weakling DrNe


Innate Abilities, Weirdness & Mutations

You have very sharp teeth.
Your uncanny sense of smell can sniff out nearby items.
Your experience applies equally to all skills.


Message History

Found a stone staircase leading down.
You now have 470 gold pieces (gained 6).
Found a bubbling yellow potion and a dark potion.
You now have 483 gold pieces (gained 13).
You see here a +0 shortbow.
Found a scroll of vulnerability.
Found a stone staircase leading up.
d - 2 bubbling yellow potions (gained 1)
e - a dark potion
n - 2 scrolls of vulnerability {!r} (gained 1)
A centaur warrior comes into view.
The centaur warrior shouts!
The centaur warrior wields a +0 shortbow.
The centaur warrior shoots an arrow.
The arrow hits you!
A guardian golem appears, shielding your allies.
The centaur warrior shoots an arrow.
The arrow closely misses you.
You swap places.
Something hits your guardian golem!
Something kicks your guardian golem but does no damage.
You swap places.
The centaur warrior wields a +0 shortbow.
The centaur warrior shoots an arrow.
The arrow closely misses you.
Your +1 shortbow of freezing stops glowing.
You feel a sense of dread.
a - a +1 vampiric broad axe (weapon)
The centaur warrior unwields a +0 shortbow.
The centaur warrior hits you!
The centaur warrior kicks you but does no damage.
The centaur warrior hits you!
The centaur warrior kicks you but does no damage.
You hit the centaur warrior but do no damage.
The centaur warrior hits you!
* * * LOW HITPOINT WARNING * * *
The centaur warrior kicks you.
* * * LOW HITPOINT WARNING * * *
The centaur warrior hits you!
* * * LOW HITPOINT WARNING * * *
The centaur warrior kicks you but does no damage.
You barely miss the centaur warrior. The centaur warrior hits you!
* * * LOW HITPOINT WARNING * * *
The centaur warrior closely misses you. The centaur warrior hits you!
* * * LOW HITPOINT WARNING * * *
The centaur warrior kicks you but does no damage.
You hit the centaur warrior but do no damage.
You bite the centaur warrior, but do no damage.
The centaur warrior misses you.
The centaur warrior kicks you but does no damage.
The centaur warrior hits you!
You die...
Your body crumbles into a pile of gold.

#. .# #. .# #.# .#
####### #.# .# #
.......####.# .# .
..........##### .# .
.............##.# .
#.#.......9...# .
#.....##.#@####
###.####.#c#
#####.####.#....c...$
#..........#########
#.......<..#
#..........#
#..........#
#..>.......#
#.........##


You could see a centaur warrior (ally target) and a friendly guardian golem
(summoned).

Vanquished Creatures
  2 two-headed ogres (D:9)
  Maggie (D:7)
  A shadow (D:10)
  2 yaks (D:9)
  A vampire mosquito (D:10)
  A water moccasin (D:9)
  An orc warrior (D:9)
  A sky beast (D:5)
  5 centaurs
  A necrophage (D:6)
  A bullfrog (D:8)
  A wight (D:9)
  2 killer bees (D:6)
  2 jellies
  Crazy Yiuf (D:5)
  2 orc priests
  A gnoll bouda (D:5)
  3 orc wizards
  2 human simulacra (D:9)
  4 gnolls
  2 adders
  2 shadow imps
  A dart slug (D:4)
  10 orcs
  2 bats
  A hobgoblin (D:4)
  2 jackals (D:3)
  A kobold (D:10)
  A ball python (D:4)
  3 frilled lizards (D:6)
60 creatures vanquished.

Vanquished Creatures (collateral kills)
  A shadow (D:10)
  Sigmund (D:3)
  4 yaks (D:9)
  An ice beast (D:7)
  A sky beast (D:4)
  3 black bears
  2 ogres
  2 kobold brigands
  A gnoll sergeant (D:9)
  A necrophage (D:8)
  3 wights (D:9)
  Dowan (D:5)
  4 howler monkeys (D:8)
  3 killer bees (D:6)
  A gnoll bouda (D:7)
  2 hounds
  4 orc priests
  2 iguanas
  3 orc wizards
  13 gnolls
  4 adders
  A shadow imp (D:5)
  A worm (D:3)
  2 dart slugs
  20 orcs
  4 bats
  3 endoplasms
  A giant cockroach (D:4)
  6 hobgoblins
  4 jackals (D:1)
  A quokka (D:4)
  3 ball pythons
  9 frilled lizards
  6 goblins
  19 kobolds
  5 rats
142 creatures vanquished.

Vanquished Creatures (others)
  Duvessa (D:5)
  A water moccasin (D:5)
  3 wights (D:9)
  A killer bee (D:6)
  An orc priest (D:6)
  Terence (D:3)
  An orc wizard (D:5)
  3 gnolls (D:5)
  A worm (D:3)
  14 plants
27 creatures vanquished.

Grand Total: 229 creatures vanquished

Notes
Turn   | Place    | Note
-------+----------+-------------------------------------------
     0 | D:1      | Pooter the Gnoll Summoner began the quest for the Orb.
     0 | D:1      | Reached XP level 1. HP: 13/13 MP: 6/6
   314 | D:1      | Reached XP level 2. HP: 19/19 MP: 4/7
   317 | D:1      | Learned a level 2 spell: Call Imp
   841 | D:1      | Reached skill level 5 in Spellcasting
   841 | D:1      | Reached XP level 3. HP: 25/25 MP: 3/9
   903 | D:1      | Learned a level 3 spell: Call Canine Familiar
   907 | D:1      | Learned a level 3 spell: Summon Guardian Golem
   962 | D:1      | Found a faded altar of an unknown god.
  1292 | D:2      | Found an ancient bone altar of Kikubaaqudgha.
  1330 | D:2      | Reached skill level 1 in Invocations
  1336 | D:2      | Reached skill level 1 in Fighting
  1336 | D:2      | Reached skill level 1 in Short Blades
  1336 | D:2      | Reached skill level 1 in Long Blades
  1336 | D:2      | Reached skill level 1 in Axes
  1336 | D:2      | Reached skill level 1 in Maces & Flails
  1336 | D:2      | Reached skill level 1 in Polearms
  1336 | D:2      | Reached skill level 1 in Staves
  1336 | D:2      | Reached skill level 1 in Ranged Weapons
  1336 | D:2      | Reached skill level 1 in Throwing
  1336 | D:2      | Reached skill level 1 in Armour
  1336 | D:2      | Reached skill level 1 in Shields
  1336 | D:2      | Reached skill level 1 in Unarmed Combat
  1336 | D:2      | Reached skill level 1 in Evocations
  1338 | D:2      | Reached XP level 4. HP: 28/32 MP: 4/11
  1401 | D:2      | Learned a level 4 spell: Summon Lightning Spire
  1864 | D:3      | Reached skill level 1 in Conjurations
  1864 | D:3      | Reached skill level 1 in Hexes
  1864 | D:3      | Reached skill level 1 in Necromancy
  1864 | D:3      | Reached skill level 1 in Translocations
  1864 | D:3      | Reached skill level 1 in Transmutations
  1864 | D:3      | Reached skill level 1 in Fire Magic
  1864 | D:3      | Reached skill level 1 in Ice Magic
  1864 | D:3      | Reached skill level 1 in Air Magic
  1864 | D:3      | Reached skill level 1 in Earth Magic
  1864 | D:3      | Reached skill level 1 in Poison Magic
  1879 | D:3      | Found a transporter.
  1893 | D:3      | Noticed Sigmund
  1922 | D:3      | Killed Sigmund
  1923 | D:3      | Reached XP level 5. HP: 38/38 MP: 5/12
  1923 | D:3      | Reached XP level 6. HP: 44/44 MP: 5/14
  2086 | D:3      | Noticed Terence
  2091 | D:3      | Noticed Insertrandomname's ghost (weakling DrNe)
  2119 | D:3      | Killed Terence
  2120 | D:3      | Reached skill level 5 in Dodging
  2212 | D:3      | Found a transporter.
  2663 | D:4      | Identified the +0 ring mail of Masochism {rPois rC- Int+3
                  | Dex+8}
  2761 | D:4      | Noticed a black bear
  2775 | D:4      | Killed a black bear
  2792 | D:4      | Reached XP level 7. HP: 51/51 MP: 8/15
  3182 | D:4      | Reached skill level 5 in Stealth
  3458 | D:4      | Found Ipsutt's Antique Weapon Emporium.
  3555 | D:4      | Found Boptykorph's Weapon Emporium.
  3555 | D:4      | Found Wuit's Weapon Emporium.
  3555 | D:4      | Found Daiss's Magic Scroll Emporium.
  3585 | D:4      | Bought a +0 vampiric broad axe for 168 gold pieces
  3589 | D:4      | Bought 2 scrolls of identify for 52 gold pieces
  3589 | D:4      | Bought a scroll of identify for 26 gold pieces
  3660 | D:4      | Found a staircase to the Ecumenical Temple.
  3669 | Temple   | Entered the Ecumenical Temple
  3926 | D:5      | Entered Level 5 of the Dungeon
  4207 | D:5      | Found a runed translucent door.
  4208 | D:5      | Noticed Crazy Yiuf
  4232 | D:5      | Paralysed by Crazy Yiuf for 3 turns
  4237 | D:5      | Killed Crazy Yiuf
  4238 | D:5      | Reached XP level 8. HP: 11/58 MP: 2/16
  4876 | D:5      | Learned a level 2 spell: Searing Ray
  4901 | D:5      | Found Udafeez's Armour Boutique.
  5155 | D:5      | Noticed Duvessa
  5155 | D:5      | Noticed Dowan
  5174 | D:5      | Killed Duvessa
  5202 | D:5      | Killed Dowan
  5717 | D:6      | Reached XP level 9. HP: 65/65 MP: 10/18
  6205 | D:6      | Identified the +0 hat of Sukly {rC+ rCorr}
  6276 | D:6      | Learned a level 3 spell: Frozen Ramparts
  7033 | D:7      | Learned a level 2 spell: Poisonous Vapours
  7575 | D:7      | Reached skill level 5 in Invocations
  7621 | D:7      | Noticed Maggie
  7632 | D:7      | Killed Maggie
  7830 | Temple   | Became a worshipper of Gozag Ym Sagoz the Greedy
  8573 | D:8      | Found a glowing silver altar of Zin.
  8601 | D:8      | Found a staircase to the Lair.
  9034 | D:4      | Bought a scroll of identify for 26 gold pieces
  9034 | D:4      | Bought a scroll of identify for 26 gold pieces
  9034 | D:4      | Bought a scroll of poison for 52 gold pieces
  9315 | D:8      | Reached skill level 5 in Fighting
  9315 | D:8      | Reached skill level 5 in Short Blades
  9315 | D:8      | Reached skill level 5 in Long Blades
  9315 | D:8      | Reached skill level 5 in Axes
  9315 | D:8      | Reached skill level 5 in Maces & Flails
  9315 | D:8      | Reached skill level 5 in Polearms
  9315 | D:8      | Reached skill level 5 in Staves
  9315 | D:8      | Reached skill level 5 in Ranged Weapons
  9315 | D:8      | Reached skill level 5 in Throwing
  9315 | D:8      | Reached skill level 5 in Armour
  9315 | D:8      | Reached skill level 5 in Shields
  9315 | D:8      | Reached skill level 5 in Unarmed Combat
  9315 | D:8      | Reached skill level 5 in Evocations
  9315 | D:8      | Reached XP level 10. HP: 73/74 MP: 16/20
  9461 | D:9      | Noticed a two-headed ogre
  9735 | D:9      | Killed a two-headed ogre
 10447 | D:9      | Noticed a two-headed ogre
 10530 | D:9      | Killed a two-headed ogre
 10627 | D:9      | Upgraded the game from 0.29-a0-1019-g84f7d21838 to
                  | 0.29-a0-1023-g6ae1a4a2c7
 11236 | D:10     | Entered Level 10 of the Dungeon
 11305 | D:10     | Reached skill level 5 in Conjurations
 11305 | D:10     | Reached skill level 5 in Hexes
 11305 | D:10     | Reached skill level 5 in Necromancy
 11305 | D:10     | Reached skill level 5 in Translocations
 11305 | D:10     | Reached skill level 5 in Transmutations
 11305 | D:10     | Reached skill level 5 in Fire Magic
 11305 | D:10     | Reached skill level 5 in Ice Magic
 11305 | D:10     | Reached skill level 5 in Air Magic
 11305 | D:10     | Reached skill level 5 in Earth Magic
 11305 | D:10     | Reached skill level 5 in Poison Magic
 11305 | D:10     | Reached XP level 11. HP: 59/81 MP: 22/22
 11310 | D:10     | Learned a level 4 spell: Olgreb's Toxic Radiance
 11576 | D:10     | Noticed a centaur warrior
 11586 | D:10     | Slain by a centaur warrior

Illustrated notes

Levels and vault maps discovered:
D:1:      dpeg_arrival_shelter, layout_basic, basic_ecumenical_altar,
          minmay_split_cup_small
D:2:      layout_rooms, basic_altar
D:3:      layout_rooms, gammafunk_ghost_gnarly_gnolls, uniq_terence,
          uniq_sigmund
D:4:      layout_loops_ring, lemuel_temple_firewalk_b, minmay_shop_grid_forest,
          minmay_diced_spiral
D:5:      layout_cave_pods, serial_shops, shop_statue, uniq_duvessa,
          uniq_crazy_yiuf_cottage
D:6:      layout_loops_cross, columned_hall_lemuel, minmay_lizard_king
D:7:      layout_loops_cross, minmay_misc_feat_diagonals, uniq_maggie
D:8:      layout_rooms, old_standard_altar, dpeg_oklobed_lair, serial_aquarium,
          aquarium_bridge_square [aquarium_subvault_bridge,
          aquarium_subvault_window, aquarium_subvault_window,
          aquarium_subvault_window], aquarium_bridge_square
          [aquarium_subvault_bridge, aquarium_subvault_wall,
          aquarium_subvault_window, aquarium_subvault_bridge],
          aquarium_window_1, aquarium_window_1, aquarium_window_2,
          aquarium_window_fake, aquarium_view_2c, aquarium_view_2d,
          aquarium_pool_four
D:9:      layout_gridville, hex_tiny, bh_circular_ruins
D:10:     minmay_ornate_pinched, layout_loops_ring,
          chequers_serial_rivers_marsh, chequers_serial_rivers_micro_b
Temple:   nicolae_temple_the_god_donut

Skill      XL: |  1  2  3  4  5  6  7  8  9 10 11 |
---------------+----------------------------------+-----
Spellcasting   | 5 6 7 8 |  8.0
Invocations    | 1 2 3 4 5 6 |  6.7
Fighting       | 1 2 3 5 6 |  6.1
Short Blades   | 1 2 3 5 6 |  6.1
Long Blades    | 1 2 3 5 6 |  6.1
Axes           | 1 2 3 5 6 |  6.1
Maces & Flails | 1 2 3 5 6 |  6.1
Polearms       | 1 2 3 5 6 |  6.1
Staves         | 1 2 3 5 6 |  6.1
Ranged Weapons | 1 2 3 5 6 |  6.1
Throwing       | 1 2 3 5 6 |  6.1
Armour         | 1 2 3 5 6 |  6.1
Shields        | 1 2 3 5 6 |  6.1
Unarmed Combat | 1 2 3 5 6 |  6.1
Evocations     | 1 2 3 5 6 |  6.1
Conjurations   | 1 2 3 4 5 |  5.0
Hexes          | 1 2 3 4 5 |  5.0
Necromancy     | 1 2 3 4 5 |  5.0
Translocations | 1 2 3 4 5 |  5.0
Transmutations | 1 2 3 4 5 |  5.0
Fire Magic     | 1 2 3 4 5 |  5.0
Ice Magic      | 1 2 3 4 5 |  5.0
Air Magic      | 1 2 3 4 5 |  5.0
Earth Magic    | 1 2 3 4 5 |  5.0
Poison Magic   | 1 2 3 4 5 |  5.0
Dodging        | 5 6 7 |  7.7
Stealth        | 5 6 7 |  7.4
Summonings     | 8 |  8.8

Action                   |  1- 3 |  4- 6 |  7- 9 | 10-12 || total
-------------------------+-------+-------+-------+-------++-------
Melee: Unarmed           |     4 |       |       |       ||     4
       Dagger            |     8 |       |       |       ||     8
       Bite              |     1 |       |    19 |    11 ||    31
       Hand axe          |       |     7 |       |       ||     7
       Broad axe         |       |       |   121 |    62 ||   183
       Halberd           |       |       |    11 |       ||    11
       Punch             |       |       |     5 |     1 ||     6
 Fire: Shortbow          |       |       |     8 |     9 ||    17
Throw: Throwing net      |       |     1 |       |       ||     1
       Boomerang         |       |       |    33 |    11 ||    44
 Cast: Summon Small Mamm |    14 |     1 |       |       ||    15
       Call Imp          |     7 |     2 |    17 |     1 ||    27
       Call Canine Famil |     2 |    13 |    35 |     9 ||    59
       Summon Lightning  |       |     1 |    11 |    14 ||    26
       Summon Guardian G |       |     1 |     8 |     5 ||    14
       Poisonous Vapours |       |       |       |     2 ||     2
       Searing Ray       |       |       |       |     1 ||     1
Evoke: Wand              |       |       |       |     4 ||     4
  Use: Scroll            |     5 |     1 |     9 |     7 ||    22
       Potion            |       |       |       |     3 ||     3
 Stab: Sleeping          |       |       |     7 |       ||     7
Armor: Robe              |    10 |     2 |       |       ||    12
       Ring mail         |       |     1 |     5 |    29 ||    35
       Leather armour    |       |       |    68 |       ||    68
Dodge: Dodged            |    17 |     9 |   101 |    58 ||   185
Block: Buckler           |       |       |     8 |     2 ||    10

Table legend: (Time is in decaauts)
 A = Elapsed time spent in this place.
 B = Non-inter-level travel time spent in this place.
 C = Inter-level travel time spent in this place.
 D = Time resting spent in this place.
 E = Time spent auto-exploring this place.
 F = Levels seen in this place.
 G = Mean time per level.
                   A        B        C        D        E       F      G
               +--------+--------+--------+--------+--------+-----+--------+
         Total |  11699 |  10321 |   1378 |   1983 |   5868 |  11 | 1063.5 |
       Dungeon |  11559 |  10301 |   1258 |   1983 |   5862 |  10 | 1155.9 |
        Temple |    140 |     21 |    119 |      0 |      6 |   1 |  140.0 |
               +--------+--------+--------+--------+--------+-----+--------+

Top non-repeatable levels by time:
     D:5: 1944 daAuts
     D:9: 1920 daAuts
     D:4: 1883 daAuts
     D:6: 1231 daAuts
     D:1: 1188 daAuts
     D:7: 928 daAuts
     D:8: 815 daAuts
     D:3: 755 daAuts
     D:2: 537 daAuts
    D:10: 354 daAuts
  Temple: 140 daAuts
